 Dungeon Crawl Stone Soup version 0.29-a0-911-g88e6f02907 (webtiles) character file.

Game seed: 737937475008635660

1086 Hubjo the Trooper (level 8, 0/64 HPs)
             Began as a Demonspawn Transmuter on July 25, 2022.
             Was a Believer of Wu Jian.
             Slain by an ogre
             ... wielding a +0 giant club
              (19 damage)
             ... on level 6 of the Dungeon.
             The game lasted 00:08:47 (6252 turns).

Hubjo the Trooper (Demonspawn Transmuter)           Turns: 6252, Time: 00:08:47

Health: 0/64       AC:  6    Str: 11    XL:     8   Next: 9%
Magic:  11/14      EV: 12    Int: 17    God:    Wu Jian [**....]
Gold:   362        SH: 13    Dex: 13    Spells: 14/15 levels left

rFire   x . .      SeeInvis +     - Unarmed
rCold   + . .      Faith    .   (no shield)
rNeg    . . .      Spirit   .   a - +0 robe
rPois   .          Reflect  +   (helmet currently unavailable)
rElec   .          Harm     .   (no cloak)
rCorr   +          Rampage  .   (no gloves)
Will    .....                   (boots currently unavailable)
Stlth   +.........              n - amulet of reflection
HPRegen 0.20/turn               f - ring of ice
MPRegen 0.14/turn               c - ring of see invisible

@: appendages
A: horns 2, talons 2, claws 1, yellow scales 3, condensation shield, demonic
magic 1, large bone plates 1, evolution 1, MP-powered wands
a: End Transformation, Renounce Religion, Wall Jump


You were on level 6 of the Dungeon.
You worshipped Wu Jian.
Wu Jian was pleased with you.
You had temporarily grown beastly horns and talons.
You visited 1 branch of the dungeon, and saw 6 of its levels.

You collected 362 gold pieces.

Inventory:

Hand Weapons
 s - the +9 sling of Puguh {freeze, Str+5 Int-5 Dex+5}
   (You found it on level 3 of the Dungeon)

   Any ammunition fired from it freezes those it strikes, dealing additional
   cold damage.
   It can also slow down cold-blooded creatures.
   Str:       It affects your strength (+5).
   Int:       It affects your intelligence (-5).
   Dex:       It affects your dexterity (+5).
Armour
 a - a +0 robe (worn)
 k - an orb of guile
Jewellery
 c - a ring of see invisible (right claw)
 f - a ring of ice (left claw)
 i - a ring of protection from cold
 n - an amulet of reflection (around neck)
 w - a ring of resist corrosion
Wands
 o - a wand of roots (8)
 t - a wand of quicksilver (15)
Scrolls
 d - a scroll of immolation
 e - 2 scrolls of silence
 g - a scroll of brand weapon
 j - a scroll of identify
 l - a scroll of magic mapping
 m - a scroll of amnesia
 q - a scroll of teleportation
 r - a scroll of fog
 v - a scroll of acquirement
 x - a scroll of vulnerability {unknown}
Potions
 b - 4 potions of lignification
 h - 2 potions of berserk rage {unknown}
 p - a potion of resistance {unknown}
 u - 2 potions of heal wounds {unknown}
 z - a potion of attraction {unknown}


   Skills:
 * Level 6.0 Fighting
 - Level 1.7 Dodging
 + Level 4.6 Unarmed Combat
 + Level 4.2 Spellcasting
 + Level 4.2 Transmutations


You had 14 spell levels left.
You knew the following spells:

 Your Spells              Type           Power      Damage    Failure   Level
a - Beastly Appendage     Tmut           36%        N/A       2%          1

Your spell library contained the following spells:

 Spells                   Type           Power      Damage    Failure   Level
 Wereblood                Tmut           18%        N/A       4%          2
 Slow                     Hex            12%        N/A       16%         1
 Spider Form              Tmut/Pois      10%        N/A       19%         3
 Sublimation of Blood     Necr           3%         N/A       24%         2
 Confusing Touch          Hex            3%         N/A       43%         3
 Vampiric Draining        Necr           3%         2d6       43%         3
 Ice Form                 Ice/Tmut       16%        N/A       54%         4
 Summon Hydra             Summ           1%         N/A       100%        7


Dungeon Overview and Level Annotations

Branches:
Dungeon (6/15)             Temple (0/1) D:5

Altars:
Ashenzari
Fedhas
Wu Jian


Innate Abilities, Weirdness & Mutations

You have temporarily grown beastly horns and talons.
You have sharp fingernails.
You are completely covered in yellow scales. (AC +4, rCorr)
A meltable shield of frost defends you. (SH +4)
Spells you cast may paralyse adjacent enemies.
You are partially covered in large bone plates. (SH +4)
You have hidden genetic potential.
You expend magic power (3 MP) to strengthen your wands.


Message History

The sky beast hits you. The sky beast shocks you.
You claw the sky beast!
The sky beast is heavily wounded.
You grow a pair of large bovine horns.
Your feet morph into talons.
Malevolent energies surge around you. The sky beast hits you.
The sky beast shocks you.
You scratch the sky beast but do no damage.
You claw the sky beast.
The sky beast is severely wounded.
You block the sky beast's attack.
You claw the sky beast!
You kill the sky beast!
The Council accepts your kill.
Your Fighting skill increases to level 6!
No target in view!
No target in view!
An ogre comes into view. It is wielding a +0 giant club.
An ogre is nearby!
An ogre is nearby!
An ogre is nearby!
The ogre shouts!
You closely miss the ogre. You claw the ogre.
The ogre is lightly wounded.
The ogre hits you with a +0 giant club!!
* * * LOW HITPOINT WARNING * * *
You are too injured to fight recklessly!
Aiming: Fastroot
Press: ? - help, Shift-Dir - straight line You feel a surge of power!
The roots erupt in riotous growth!
Roots grab the ogre.
The grasping roots constrict the ogre.
The ogre misses you.
You scratch the ogre.
The ogre is heavily wounded.
The grasping roots constrict the ogre!
You scratch the ogre. Your kick misses the ogre.
The ogre is severely wounded.
The grasping roots constrict the ogre.
The roots release their grip on the ogre.
The ogre hits you with a +0 giant club!!
You die...

....>...#..
..........####...#...
........... .#.....$
..........## ......
...........###....## # .
.(.........##...#..#.#..
........................
......<..#...........#
................@O...#
............>......$.#
.......#................
........................
####.....###.#..#.##..#.
#......#.# #.#..#.# ....
#.###..#.# #.#..... ...
#.# #<...# #<#.#.... ##
..# #.#### #.#....##


You could see an ogre.

Vanquished Creatures
  An orc warrior (D:6)
  2 black bears
  A sky beast (D:6)
  An ogre (D:6)
  A phantom (D:4)
  2 kobold brigands (D:6)
  A jelly (D:5)
  A howler monkey (D:6)
  A gnoll bouda (D:5)
  5 iguanas
  8 gnolls (D:5)
  7 adders
  A shadow imp (D:4)
  An ufetubus (D:5)
  A worm (D:4)
  7 dart slugs
  5 orcs (D:4)
  9 ball pythons
  8 endoplasms
  2 giant cockroaches (D:1)
  7 goblins
  6 hobgoblins
  3 quokkas (D:2)
  3 bats
  2 frilled lizards
  10 kobolds
  7 rats
103 creatures vanquished.

Vanquished Creatures (others)
  11 fungi
11 creatures vanquished.

Grand Total: 114 creatures vanquished

Notes
Turn   | Place    | Note
-------+----------+-------------------------------------------
     0 | D:1      | Hubjo the Demonspawn Transmuter began the quest for the
                  | Orb.
     0 | D:1      | Reached XP level 1. HP: 15/15 MP: 3/3
   156 | D:1      | Gained mutation: You are partially covered in yellow
                  | scales. (AC +2) [demonic ancestry]
   156 | D:1      | Reached XP level 2. HP: 3/21 MP: 5/5
   839 | D:1      | Reached skill level 2 in Fighting
   962 | D:1      | Reached XP level 3. HP: 27/27 MP: 4/6
  2156 | D:2      | Found a faded altar of an unknown god.
  2218 | D:2      | Prayed at the altar of an unknown god.
  2218 | D:2      | Became a worshipper of the Wu Jian Council
  2218 | D:2      | Reached * piety under Wu Jian
  2479 | D:3      | Identified the +9 sling of Puguh {freeze, Str+5 Int-5
                  | Dex+5}
  2996 | D:4      | Noticed a phantom
  2998 | D:4      | Gained mutation: You have sharp fingernails. [demonic
                  | ancestry]
  2998 | D:4      | Reached XP level 4. HP: 34/34 MP: 5/7
  3011 | D:4      | Killed a phantom
  3012 | D:4      | Reached skill level 3 in Fighting
  3012 | D:4      | Gained mutation: A meltable shield of frost defends you.
                  | (SH +4) [demonic ancestry]
  3012 | D:4      | Reached XP level 5. HP: 34/41 MP: 6/9
  3094 | D:4      | Noticed a black bear
  3110 | D:4      | Killed a black bear
  3636 | D:4      | Reached ** piety under Wu Jian
  3637 | D:4      | Gained mutation: You are mostly covered in yellow scales.
                  | (AC +3) [demonic ancestry]
  3637 | D:4      | Reached XP level 6. HP: 27/48 MP: 10/10
  3883 | D:5      | Entered Level 5 of the Dungeon
  3914 | D:5      | Reached skill level 4 in Fighting
  4274 | D:5      | Identified a scroll of acquirement
  4871 | D:5      | Gained mutation: You are completely covered in yellow
                  | scales. (AC +4, rCorr) [demonic ancestry]
  4871 | D:5      | Reached XP level 7. HP: 24/51 MP: 12/12
  4881 | D:5      | Gained mutation: You are partially covered in large bone
                  | plates. (SH +4) [potion of mutation]
  4881 | D:5      | Gained mutation: You expend magic power (3 MP) to
                  | strengthen your wands. [potion of mutation]
  4881 | D:5      | Gained mutation: You have hidden genetic potential. [potion
                  | of mutation]
  5159 | D:5      | Found a staircase to the Ecumenical Temple.
  5196 | D:5      | Found a blossoming altar of Fedhas.
  5205 | D:5      | Found a broken altar of Ashenzari.
  5573 | D:5      | Reached skill level 5 in Fighting
  6236 | D:6      | Gained mutation: Spells you cast may paralyse adjacent
                  | enemies. [demonic ancestry]
  6236 | D:6      | Reached XP level 8. HP: 64/64 MP: 14/14
  6245 | D:6      | Reached skill level 6 in Fighting
  6252 | D:6      | Slain by an ogre

Illustrated notes

Levels and vault maps discovered:
D:1:      dpeg_arrival_fog, layout_basic, minmay_liquid_box
D:2:      layout_rooms, shapermc_ecumenical_altar_ellora
D:3:      layout_rooms
D:4:      minmay_diamond_boxcup, layout_rooms
D:5:      layout_basic, minitemple, minmay_temple_entry_hall, serial_aquarium,
          aquarium_bridge_square [aquarium_subvault_balcony,
          aquarium_subvault_balcony, aquarium_subvault_bridge,
          aquarium_subvault_bridge], aquarium_bridge_straight
          [aquarium_subvault_bridge, aquarium_subvault_wall,
          aquarium_subvault_bridge, aquarium_subvault_window],
          aquarium_window_fake, aquarium_window_2, aquarium_view_2c
D:6:      layout_rooms, minmay_misc_feat_x, st_stairs_1, uniq_pikel

Skill      XL: |  1  2  3  4  5  6  7  8 |
---------------+-------------------------+-----
Transmutations | 2 3 4 |  4.2
Fighting       | 2 3 4 5 6 |  6.0
Unarmed Combat | 3 4 |  4.6
Spellcasting   | 3 4 |  4.2
Dodging        | |  1.7

Action                   |  1- 3 |  4- 6 |  7- 9 || total
-------------------------+-------+-------+-------++-------
Melee: Unarmed           |   118 |   108 |    98 ||   324
       Kick              |    29 |    24 |    23 ||    76
       Headbutt          |    22 |    15 |    14 ||    51
       Punch             |     3 |     3 |     3 ||     9
 Cast: Beastly Appendage |    38 |    12 |     8 ||    58
Invok: Lunge             |     3 |     6 |     7 ||    16
       Whirlwind         |       |     6 |     1 ||     7
Evoke: Wand              |       |       |     1 ||     1
  Use: Scroll            |     3 |     8 |     2 ||    13
       Potion            |       |     1 |     3 ||     4
 Stab: Sleeping          |     1 |     1 |       ||     2
Armor: Robe              |    27 |    15 |     4 ||    46
Dodge: Dodged            |    56 |    60 |    32 ||   148
Block: Other             |     3 |    54 |    47 ||   104
       Reflection        |     1 |     3 |     2 ||     6

Table legend: (Time is in decaauts)
 A = Elapsed time spent in this place.
 B = Non-inter-level travel time spent in this place.
 C = Inter-level travel time spent in this place.
 D = Time resting spent in this place.
 E = Time spent auto-exploring this place.
 F = Levels seen in this place.
 G = Mean time per level.
                   A        B        C        D        E       F      G
               +--------+--------+--------+--------+--------+-----+--------+
         Total |   6210 |   6145 |     65 |    475 |   4878 |   6 | 1035.0 |
       Dungeon |   6210 |   6145 |     65 |    475 |   4878 |   6 | 1035.0 |
               +--------+--------+--------+--------+--------+-----+--------+

Top non-repeatable levels by time:
     D:1: 1754 daAuts
     D:5: 1470 daAuts
     D:4: 1370 daAuts
     D:2: 677 daAuts
     D:3: 543 daAuts
     D:6: 393 daAuts
